 Dungeon Crawl Stone Soup version 0.21-a0-274-gc1afaeb (webtiles) character file.

157 motkurip the Poker (level 5, -2/38 HPs)
             Began as a Merfolk Skald on Sept 19, 2017.
             Was an Initiate of Makhleb.
             Slain by an orc
             ... wielding a +0 trident
              (8 damage)
             ... on level 3 of the Dungeon.
             The game lasted 00:07:18 (1060 turns).

motkurip the Poker (Merfolk Skald)                  Turns: 1060, Time: 00:07:19

Health: -2/38      AC:  3    Str: 12    XL:     5   Next: 38%
Magic:  7/8        EV: 14    Int: 14    God:    Makhleb [......]
Gold:   60         SH:  0    Dex: 14    Spells: 2/8 levels left

rFire    . . .     SeeInvis .   a - +1 spear
rCold    . . .     Gourm    .   (no shield)
rNeg     . . .     Faith    .   b - +0 leather armour
rPois    .         Spirit   .   (no helmet)
rElec    .         Reflect  .   (no cloak)
rCorr    .         Harm     .   (no gloves)
MR       .....                  (no boots)
Stlth    +.........             (no amulet)
HPRegen  0.12/turn              f - +2 ring of intelligence
MPRegen  0.11/turn              (no ring)

@: no status effects
A: change form in water, swift swim, stealthy swim
a: Renounce Religion


You were on level 3 of the Dungeon.
You worshipped Makhleb.
Makhleb was noncommittal.
You were not hungry.

You visited 1 branch of the dungeon, and saw 3 of its levels.

You collected 60 gold pieces.

Inventory:

Hand Weapons
 a - a +1 spear (weapon)
Armour
 b - a +0 leather armour (worn)
Jewellery
 f - a +2 ring of intelligence (left hand)
Scrolls
 g - 2 scrolls of magic mapping
 l - 2 scrolls of recharging
Potions
 i - a potion of flight {unknown}
 j - a potion of magic {unknown}
Books
 c - a book of Battle

   Spells                             Type                      Level
   a - Infusion                       Charms                       1
   b - Shroud of Golubria             Charms/Translocation         2
   c - Song of Slaying                Charms                       2
   d - Spectral Weapon                Hexes/Charms                 3
   e - Regeneration                   Charms/Necromancy            3
Comestibles
 d - 5 bread rations
 n - 2 chunks of flesh


   Skills:
 - Level 2.1 Fighting
 + Level 5.7 Polearms
 - Level 0.6 Armour
 - Level 4.3 Dodging
 - Level 2.0 Spellcasting
 - Level 2.2 Hexes
 - Level 3.2 Charms


You had 2 spell levels left.
You knew the following spells:

 Your Spells              Type           Power        Failure   Level  Hunger
a - Infusion              Chrm           ##..         8%          1    ##.....
b - Shroud of Golubria    Chrm/Tloc      #.........   24%         2    ###....
c - Spectral Weapon       Hex/Chrm       #.......     28%         3    ####...


Dungeon Overview and Level Annotations

Branches:
Dungeon (3/15)

Altars:
Dithmenos
Makhleb


Message History

Unknown command.
You closely miss the goblin.
Your spectral weapon hits the goblin!
You kill the goblin!
Makhleb accepts your kill.
Attack whom?
Press: ? - help, Dir - move target cursor, f - orc
Aim: an orc, wielding a trident You reach to attack!
You hit the orc.
The orc is moderately wounded.
Your spectral weapon completely misses the orc.
The orc hits you from afar with a trident.
* * * LOW HITPOINT WARNING * * *
Attack whom?
Press: ? - help, Dir - move target cursor, f/p - orc
Aim: an orc, wielding a trident (moderately wounded)
You reach to attack!
You hit the orc.
The orc is heavily wounded.
Your spectral weapon closely misses the orc.
The orc hits you from afar with a trident!
You die...

********.#....,..# *,*
*,<....#..# *,*
**#.#.....## ***,*****
#........###**,,,,,,,*
#..........,,,,*****,*
*#.......#***,,* *,*
*#..o..#* *,,* *,*
*#().## *,,* *,,
##@..## *,,*****,*
#####†_..# #.....,,,*
#........# #..#.#****
#.##.....# *..#.#####
#.######## *.........
#.# *#.#.##### #.#
#.#.##### #.#
#.#)..... #.#
#.....#**


You could see an orc and a friendly spectral spear.

Vanquished Creatures
  The ghost of p0werm0de the Conjurer, an amateur DsFE of Cheibriados (D:3)
  An orc wizard (D:3)
  An adder (D:3)
  A worm (D:3)
  A dart slug (D:1)
  2 orcs (D:3)
  A bat (D:1)
  A giant cockroach (D:1)
  4 goblins
  9 hobgoblins
  3 jackals (D:1)
  A ball python (D:1)
  A frilled lizard (D:1)
  2 kobolds (D:1)
  3 rats
32 creatures vanquished.

Notes
Turn   | Place    | Note
-------+----------+-------------------------------------------
     0 | D:1      | motkurip the Merfolk Skald began the quest for the Orb.
     0 | D:1      | Reached XP level 1. HP: 16/16 MP: 3/3
   103 | D:1      | Reached skill level 4 in Polearms
   103 | D:1      | Reached XP level 2. HP: 20/22 MP: 0/5
   223 | D:1      | Learned a level 2 spell: Shroud of Golubria
   504 | D:1      | Reached XP level 3. HP: 24/27 MP: 6/6
   557 | D:2      | Found a burning altar of Makhleb.
   565 | D:2      | Became a worshipper of Makhleb the Destroyer
   624 | D:2      | Reached skill level 5 in Polearms
   783 | D:3      | Learned a level 3 spell: Spectral Weapon
   955 | D:3      | Noticed p0werm0de's ghost (amateur DsFE)
   976 | D:3      | Killed p0werm0de's ghost
   976 | D:3      | Reached XP level 4. HP: 20/33 MP: 2/7
   976 | D:3      | Reached XP level 5. HP: 23/38 MP: 2/8
  1032 | D:3      | Found a shadowy altar of Dithmenos.
  1060 | D:3      | Slain by an orc

Vault maps used:
D:1:      lightli_arrival_windingriver, minivault_27
D:2:      lemuel_coloured_pillars_altar, nicolae_overflow_crystal_walls
D:3:      grunt_dithmenos_smoke, marbit_many_paths

Skill      XL: |  1  2  3 |
---------------+----------+-----
Polearms       | 4 5 |  5.7
Dodging        | 4 |  4.3
Hexes          | 2 |  2.2
Fighting       | |  2.1
Armour         | |  0.6
Spellcasting   | |  2.0
Charms         | |  3.2

Action                   |  1- 3 |  4- 6 || total
-------------------------+-------+-------++-------
Melee: Spear             |   134 |    14 ||   148
       Unarmed           |       |     2 ||     2
 Cast: Infusion          |     6 |       ||     6
       Spectral Weapon   |     1 |     1 ||     2
  Use: Scroll            |     5 |       ||     5
       Potion            |     1 |       ||     1
 Stab: Distracted        |     1 |       ||     1
  Eat: Chunk             |     1 |       ||     1
Armor: Leather armour    |    15 |     1 ||    16
       Skin              |     2 |     1 ||     3
Dodge: Dodged            |    48 |     4 ||    52

Table legend:
 A = Spawn XP
 B = Non-spawn XP
 C = Spawn XP percentage of total XP
 D = Spawn monster count
 E = Non-spawn monster count
 F = Spawn count percentage of total count
 G = Total turns spent on level
                    A         B        C        D         E        F      G
               +---------+---------+-------+---------+---------+-------+---------
         Total |       0 |     225 |   0.0 |       0 |      32 |   0.0 |  1060
               +---------+---------+-------+---------+---------+-------+---------
           D:1 |       0 |      32 |   0.0 |       0 |      18 |   0.0 |   487
           D:2 |       0 |       6 |   0.0 |       0 |       3 |   0.0 |   278
           D:3 |       0 |     187 |   0.0 |       0 |      11 |   0.0 |   295
               +---------+---------+-------+---------+---------+-------+---------
